 Dungeon Crawl Stone Soup version 0.30-a0-586-g23e55c9e0a (webtiles) character file.

Game seed: 700839794068585682

142 flotson the Sneak (level 5, -6/41 HPs)
             Began as a Demonspawn Delver on Jan 3, 2023.
             Mangled by Menkaure (22 damage)
             ... on level 4 of the Dungeon.
             The game lasted 00:05:28 (2556 turns).

flotson the Sneak (Demonspawn Delver)               Turns: 2556, Time: 00:05:28

Health: -6/41      AC:  5    Str: 14    XL:     5   Next: 4%
Magic:  5/5        EV: 11    Int: 12    God:
Gold:   139        SH:  0    Dex: 19    Spells: 4/4 levels left

rFire   . . .      SeeInvis .    r - +3 dagger "Kobuw" {heavy, rElec Will+ Dex+5 Stlth+}
rCold   . . .      Faith    .    (no shield)
rNeg    . . .      Spirit   .    i - +0 ring mail
rPois   .          Reflect  .    (helmet restricted)
rElec   +          Harm     .    (no cloak)
rCorr   .          Rampage  .    (no gloves)
Will    +....                    (no boots)
Stlth   +++                      (no amulet)
HPRegen 0.26/turn                h - ring of flight
MPRegen 0.09/turn                (no ring)

@: flying
A: horns 2, spiny 1
a: no special abilities


You were on level 4 of the Dungeon.
You visited 1 branch of the dungeon, and saw 5 of its levels.

You collected 178 gold pieces.
You spent 39 gold pieces at shops.

Inventory:

Hand Weapons
 a - a +0 hand axe
 r - the +3 dagger "Kobuw" (weapon) {heavy, rElec Will+ Dex+5 Stlth+}
   (You found it on level 3 of the Dungeon)

   It deals dramatically more damage, but attacks with it are much slower.
   Dex:       It affects your dexterity (+5).
   rElec:     It insulates you from electricity.
   Will:      It increases your willpower.
   Stlth:     It makes you more stealthy.
Missiles
 f - 2 curare-tipped darts (quivered)
Armour
 i - a +0 ring mail (worn)
Jewellery
 h - a ring of flight (left hand)
Wands
 g - a wand of digging (3)
Scrolls
 c - 3 scrolls of fog
 d - 2 scrolls of magic mapping
 e - a scroll of fear
 j - 4 scrolls of identify
 m - a scroll of blinking {unknown}
 n - a scroll of immolation {unknown}
 q - 2 scrolls of vulnerability {unknown}
Potions
 b - a potion of heal wounds {unknown}
 k - a potion of berserk rage {unknown}
 l - 2 potions of mutation {unknown}
 o - a potion of invisibility {unknown}
 p - 3 potions of curing {unknown}
 s - a potion of attraction {unknown}
 t - a potion of degeneration {unknown}
 u - a potion of might {unknown}


   Skills:
 + Level 3.5 Fighting
 + Level 2.5 Axes
 + Level 1.1 Throwing
 + Level 1.2 Armour
 + Level 2.4 Dodging
 + Level 4.8 Stealth
 + Level 1.6 Evocations


You had 4 spell levels left.
You didn't know any spells.
Your spell library was empty.

Dungeon Overview and Level Annotations

Branches:
Dungeon (5/15)
 Temple: D:4-7

Altars:
Cheibriados
Ru
Yredelemnul

Shops:
D:2 ?

Annotations:
D:4 Duvessa, Menkaure


Innate Abilities, Weirdness & Mutations

You have a pair of horns on your head.
You are partially covered in sharp spines.


Message History

A goblin comes into view. It is wielding a +0 club.
The goblin shouts!
The goblin is struck by your spines.
You kill the goblin!
No target in view!
No target in view!
No target in view!
No target in view!
No target in view!
No target in view!
No target in view!
Menkaure, Prince of Dust comes into view.
Things that are here:
a +0 club; a goblin corpse Menkaure murmurs, "Let me perform the rites..."
Menkaure completely misses you.
You puncture Menkaure!
Menkaure is moderately damaged.
Menkaure is struck by your spines. Menkaure hits you.
You hit Menkaure.
Menkaure is heavily damaged.
Menkaure is struck by your spines. Menkaure hits you!
You hit Menkaure but do no damage.
Menkaure is heavily damaged.
Menkaure hits you!
You are too injured to fight recklessly!
You are too injured to fight recklessly!
You are too injured to fight recklessly!
You are too injured to fight recklessly!
You are too injured to fight recklessly!
You are too injured to fight recklessly!
You are too injured to fight recklessly!
You barely miss Menkaure.
Menkaure is heavily damaged.
Menkaure closely misses you. Menkaure barely misses you.
You barely miss Menkaure.
Menkaure is heavily damaged.
Menkaure hits you!!
Ouch! That really hurt!
You die...

######
##.#.#
#.#.#
#.#.#
#.#.#
#.#.#
#.#.#
#.#)#
#.#.#
..#@#
#M#
..#
####


You could see Menkaure.

Vanquished Creatures
  3 gnolls
  4 adders
  A shadow imp (D:4)
  A dart slug (D:3)
  An orc (D:3)
  2 bats (D:1)
  9 endoplasms
  3 giant cockroaches (D:1)
  8 goblins
  4 hobgoblins
  4 jackals (D:4)
  7 kobolds
  5 quokkas
  2 ball pythons (D:4)
  5 frilled lizards
  5 rats
  A spectral orc (D:3)
65 creatures vanquished.

Notes
Turn   | Place    | Note
-------+----------+-------------------------------------------
     0 | D:5      | flotson the Demonspawn Delver began the quest for the Orb.
     0 | D:5      | Reached XP level 1. HP: 18/18 MP: 1/1
    45 | D:4      | Noticed an ogre
    99 | D:5      | Found a snail-covered altar of Cheibriados.
   120 | D:4      | Noticed a gnoll bouda
   164 | D:4      | Gained mutation: You have a pair of small horns on your
                  | head. [demonic ancestry]
   164 | D:4      | Reached XP level 2. HP: 4/24 MP: 2/2
   165 | D:4      | Noticed Duvessa
   339 | D:3      | Gained mutation: You have a pair of horns on your head.
                  | [demonic ancestry]
   339 | D:3      | Reached XP level 3. HP: 28/29 MP: 3/3
   442 | D:1      | Reached skill level 1 in Evocations
  1013 | D:2      | Found Selodimnu's Magic Scroll Shop.
  1021 | D:2      | Bought a scroll of noise for 13 gold pieces
  1021 | D:2      | Bought a scroll of identify for 26 gold pieces
  1160 | D:1      | Reached skill level 1 in Armour
  1172 | D:1      | HP: 1/29 [gnoll/+0 whip (3)]
  1175 | D:1      | Reached XP level 4. HP: 2/35 MP: 4/4
  1723 | D:2      | Reached skill level 1 in Throwing
  2127 | D:3      | Identified the +3 dagger "Kobuw" {heavy, rElec Will+ Dex+5
                  | Stlth+}
  2235 | D:3      | Found a basalt altar of Yredelemnul.
  2450 | D:4      | Found a sacrificial altar of Ru.
  2499 | D:4      | Gained mutation: You are partially covered in sharp spines.
                  | [demonic ancestry]
  2499 | D:4      | Reached XP level 5. HP: 37/41 MP: 5/5
  2549 | D:4      | Noticed Menkaure
  2556 | D:4      | Mangled by Menkaure

Illustrated notes

Levels and vault maps discovered:
D:1:      kennysheep_arrival_forest, layout_rooms
D:2:      layout_basic, serial_shops, nicolae_shop_statue_plus
D:3:      layout_rooms, yredelemnul_forgotten_temple_becter
D:4:      cheibrodos_quashed, layout_loops_ring, mainiacjoe_overflow_catwalk,
          uniq_blork_the_orc, uniq_menkaure, uniq_duvessa
D:5:      layout_layer_cave, mainiacjoe_overflow_alcove_2,
          mainiacjoe_overflow_paths

Skill      XL: |  1  2  3  4 |
---------------+-------------+-----
Axes           | 2 |  2.5
Dodging        | 2 |  2.4
Evocations     | 1 |  1.6
Armour         | 1 |  1.2
Throwing       | 1 |  1.1
Fighting       | |  3.5
Stealth        | |  4.8

Action                   |  1- 3 |  4- 6 || total
-------------------------+-------+-------++-------
Melee: Hand axe          |    88 |    69 ||   157
       Headbutt          |    12 |    12 ||    24
       Dagger            |       |    23 ||    23
  Use: Potion            |     1 |       ||     1
       Scroll            |       |     1 ||     1
 Stab: Sleeping          |     8 |     4 ||    12
Armor: Leather armour    |    25 |     4 ||    29
       Ring mail         |       |    30 ||    30
Dodge: Dodged            |    70 |    44 ||   114

Table legend: (Time is in decaauts)
 A = Elapsed time spent in this place.
 B = Non-inter-level travel time spent in this place.
 C = Inter-level travel time spent in this place.
 D = Time resting spent in this place.
 E = Time spent auto-exploring this place.
 F = Levels seen in this place.
 G = Mean time per level.
                   A        B        C        D        E       F      G
               +--------+--------+--------+--------+--------+-----+--------+
         Total |   2587 |   2439 |    148 |    210 |   1598 |   5 |  517.4 |
       Dungeon |   2587 |   2439 |    148 |    210 |   1598 |   5 |  517.4 |
               +--------+--------+--------+--------+--------+-----+--------+

Top non-repeatable levels by time:
     D:1: 1022 daAuts
     D:2: 637 daAuts
     D:3: 580 daAuts
     D:4: 241 daAuts
     D:5: 104 daAuts
